Map: Vaani Research Station (Void)

Players

Fenrir - Winner!

  • Race: Zerg Zerg
  • League: Diamond
  • Spawn Location: 12:00

Musumeci

  • Race: Zerg Zerg
  • League: Diamond
  • Spawn Location: 6:00

VOD

Have the link to the VOD?

Description

Time

  • Played on: Jan. 15, 2017, 1:21 p.m.
  • Length: 16:03
Show
View Real Time Build Order
Export as new Build Order

Fenrir Zerg - Winner!

Build Orders: Hatch First 

Get SALT Encoding   

  12  0:01  Drone  
  13  0:09  Drone  
  14  0:19  Overlord  
  14  0:28  Extractor x2  
  13  0:29  Drone  
  13  0:30  Drone  
  16  0:39  Drone  
  17  0:55  Hatchery  
  16  0:59  Drone  
  17  1:12  Spawning Pool  
  17  1:15  Extractor  
  17  1:16  Drone  
  16  1:20  Drone  
  16  1:23  Drone  
  18  1:27  Drone  
  19  1:40  Overlord  
  19  1:50  Drone  
  20  1:59  Queen  
  20  2:01  Zergling x2  
  23  2:08  Queen, Zergling x2  
  26  2:12  Zergling x2  
  24  2:23  Zergling x2  
  24  2:24  Zergling x2  
  25  2:44  Metabolic Boost  
  25  2:47  Drone  
  26  3:02  Drone x4  
  30  3:10  Drone x2  
  30  3:11  Drone  
  33  3:15  Drone  
  33  3:18  Drone  
  35  3:22  Drone  
  35  3:26  Overlord  
  36  3:44  Queen  
  38  3:50  Drone x6  
  44  4:02  Extractor  
  43  4:03  Lair  
  43  4:11  Drone  
  43  4:13  Overlord  
  44  4:43  Drone x4  
  44  4:44  Drone x4  
  52  4:56  Spine Crawler  
  52  4:57  Spine Crawler  
  52  4:58  Drone x2  
  52  4:59  Spine Crawler  
  51  5:00  Extractor  
  51  5:01  Extractor  
  51  5:06  Hatchery  
  48  5:16  Spire  
  48  5:17  Drone x2  
  48  5:18  Drone  
  51  5:21  Drone x2  
  51  5:24  Overlord  
  52  5:58  Overlord  
  52  5:59  Overlord  
  52  6:01  Overlord  
  52  6:03  Hatchery  
  51  6:05  Zergling x4  
  51  6:06  Zergling x10  
  58  6:25  Baneling Nest, Spore Crawler  
  57  6:28  Zerg Flyer Weapons Level 1, Mutalisk x5  
  57  6:31  Mutalisk  
  68  6:37  Zergling x2  
  69  6:41  Mutalisk  
  71  6:47  Drone x3  
  71  6:48  Drone  
  75  6:54  Unknown  
  75  7:00  Drone x8  
  83  7:08  Mutalisk x3  
  79  7:35  Mutalisk x2  
  79  7:36  Mutalisk  
  83  7:45  Zergling x2  
  83  7:46  Zergling x20  
  87  8:06  Mutalisk  
  87  8:07  Mutalisk x2  
  92  8:19  Drone  
  96  8:20  Drone x3  
  96  8:32  Overlord x3  
  96  8:43  Evolution Chamber  
  96  8:45  Evolution Chamber  
  93  9:06  Zergling x4  
  93  9:07  Zergling x12  
  101  9:16  Drone x13  
  114  9:21  Zerg Flyer Armor Level 1, Spore Crawler  
  105  9:29  Spore Crawler  
  104  9:39  Extractor  
  104  9:40  Extractor  
  102  9:47  Infestation Pit  
  102  9:49  Baneling x4  
  102  9:50  Baneling  
  102  9:51  Mutalisk x6  
  102  9:52  Mutalisk x2  
  117  9:58  Drone x3  
  117  9:59  Spore Crawler  
  119  10:00  Drone  
  119  10:01  Overlord x2  
  119  10:02  Overlord  
  120  10:12  Spore Crawler  
  119  10:18  Zerg Melee Weapons Level 1  
  119  10:20  Drone  
  120  10:30  Hive  
  120  10:33  Drone x3  
  120  10:34  Zergling x2  
  120  10:35  Zergling x6  
  127  10:42  Spore Crawler  
  126  10:50  Spore Crawler  
  125  11:10  Mutalisk  
  127  11:11  Overlord x2  
  127  11:12  Overlord x2  
  127  11:13  Zergling x2  
  127  11:15  Hatchery  
  127  11:20  Zerg Flyer Armor Level 2  
  127  11:31  Zerg Ground Armor Level 1  
  127  11:33  Mutalisk x2  
  127  11:34  Mutalisk x2  
  135  11:49  Viper x2  
  141  11:58  Drone  
  141  11:59  Drone x2  
  141  12:00  Drone x5  
  141  12:01  Drone  
  150  12:11  Extractor  
  148  12:16  Extractor  
  124  12:47  Mutalisk x4  
  124  12:48  Mutalisk x4  
  124  12:49  Hatchery  
  139  13:03  Overlord x3  
  139  13:08  Zergling x18  
  139  13:09  Zergling x6  
  139  13:11  Adrenal Glands  
  146  13:30  Mutalisk x3  
  146  13:31  Mutalisk  
  152  13:46  Zergling x2  
  152  13:47  Zergling x16  
  158  14:14  Spine Crawler  
  157  14:17  Spore Crawler  
  157  14:24  Hydralisk Den  
  155  14:29  Spore Crawler  
  154  14:34  Zergling x2  
  154  14:35  Zergling x22  
  166  14:46  Extractor  
  165  14:53  Spine Crawler  
  165  14:56  Hydralisk  
  163  15:07  Spore Crawler  
  163  15:08  Spore Crawler  
Show
View Real Time Build Order
Export as new Build Order

Musumeci Zerg 

Build Orders: Pool First 

Get SALT Encoding   

  12  0:00  Drone  
  13  0:23  Spawning Pool  
  12  0:31  Drone  
  12  0:32  Drone  
  14  0:47  Overlord  
  14  1:10  Zergling x6  
  17  1:21  Hatchery  
  17  1:23  Zergling x2  
  17  1:31  Drone  
  18  1:49  Queen  
  18  1:52  Overlord  
  20  1:56  Extractor  
  20  1:58  Drone  
  17  2:35  Queen, Drone x4  
  23  2:57  Drone  
  23  2:58  Drone x2  
  25  3:08  Zergling x10  
  30  3:20  Metabolic Boost  
  30  3:39  Drone x3, Baneling Nest  
  32  3:43  Drone x2  
  32  3:44  Drone x2  
  36  3:51  Overlord  
  36  3:53  Overlord  
  36  4:25  Baneling x2  
  36  4:45  Baneling  
  36  4:47  Drone  
  36  4:48  Hatchery, Drone x7, Lair  
  36  4:49  Drone  
  44  4:53  Baneling  
  44  5:10  Roach Warren  
  44  5:11  Drone x2, Extractor  
  44  5:12  Drone, Extractor  
  44  5:13  Overlord x2  
  44  5:32  Overlord  
  44  5:33  Overlord  
  44  5:39  Overlord x3  
  41  5:59  Roach  
  41  6:00  Roach x2, Glial Reconstitution  
  41  6:02  Roach x4  
  41  6:03  Roach  
  41  6:04  Roach x2  
  61  6:07  Drone x3  
  61  6:09  Queen, Overlord  
  66  6:12  Overseer  
  66  6:20  Drone x3  
  66  6:21  Extractor  
  68  6:44  Drone  
  68  6:45  Drone x8  
  77  6:54  Drone  
  77  6:55  Drone x2, Spire  
  79  7:02  Roach x5  
  89  7:14  Spore Crawler  
  88  7:18  Spore Crawler x2  
  88  7:19  Spore Crawler  
  88  7:20  Spore Crawler  
  83  7:29  Spore Crawler  
  81  7:35  Queen  
  82  7:38  Spore Crawler  
  82  7:43  Spore Crawler  
  78  8:09  Mutalisk x6  
  78  8:10  Mutalisk  
  84  8:15  Extractor  
  84  8:16  Extractor  
  60  8:20  Zergling x2  
  60  8:21  Zergling x6  
  60  8:25  Drone x3  
  60  8:26  Drone  
  60  8:27  Drone x2  
  70  8:40  Mutalisk x3  
  76  8:45  Drone x5  
  76  8:46  Drone  
  76  8:47  Baneling x3  
  82  8:49  Zergling x6  
  80  9:13  Queen  
  78  9:17  Mutalisk x2  
  78  9:21  Overlord x2  
  78  9:22  Overlord x3  
  78  9:24  Drone x3  
  81  9:45  Baneling x3  
  81  9:46  Mutalisk  
  81  9:47  Mutalisk x6  
  95  9:56  Zerg Flyer Armor Level 1  
  95  9:58  Drone  
  95  9:59  Drone x5  
  101  10:07  Spore Crawler  
  101  10:12  Queen  
  101  10:13  Mutalisk x2  
  106  10:27  Mutalisk x3  
  112  10:34  Baneling x2  
  112  10:35  Zergling x8  
  116  10:41  Overlord x2  
  116  10:42  Overlord  
  116  10:57  Drone  
  116  10:58  Mutalisk x2  
  116  11:01  Mutalisk x3  
  127  11:04  Zergling x8  
  131  11:19  Mutalisk x3  
  131  11:24  Overlord x3  
  137  11:27  Overlord x2  
  137  11:34  Drone x3  
  140  11:47  Mutalisk  
  140  11:48  Mutalisk x2  
  140  11:51  Zerg Flyer Weapons Level 1  
  140  11:53  Hatchery  
  145  12:01  Mutalisk x2  
  124  12:41  Mutalisk  
  124  12:42  Mutalisk x6  
  125  12:44  Zergling x2  
  125  12:45  Zergling x16  
  80  13:36  Zergling x2  
  80  13:37  Zergling x20  
  90  13:46  Baneling  
  90  13:47  Mutalisk x5, Baneling x3  
  90  13:48  Mutalisk x5  
  106  14:04  Baneling x2  
  106  14:05  Mutalisk x2  
  110  14:12  Zergling x24  
  122  14:20  Baneling x2  
  122  14:40  Baneling x2  
  122  14:41  Baneling x2, Zergling x2  
  122  14:42  Zergling x16  
  131  14:52  Queen  
  133  14:56  Baneling x5  
  85  15:46  Zergling x2  
Tags
 
Add a new tag
Caveats
  • Supply blocks, unpowered buildings, or Contaminate may cause inaccurate times.
  • Supply counts are checked every 10 seconds.